 Dungeon Crawl Stone Soup version 0.18.1-48-g4cf74bf (webtiles) character file.

95 Mesmaeker13 the Chucker (level 4, 0/48 HPs)
             Began as an Ogre Hunter on June 30, 2016.
             Slain by a hound (5 damage)
             ... on level 4 of the Dungeon.
             The game lasted 00:09:51 (2332 turns).

Mesmaeker13 the Chucker (Ogre Hunter)               Turns: 2332, Time: 00:09:52

Health: 0/48       AC:  3    Str: 16 (18) XL:     4   Next: 66%
Magic:  4/4        EV: 10    Int:  8 (10) God:
Gold:   141        SH:  0    Dex:  9 (10) Spells: 0 memorised, 3 levels left

rFire  . . .     SeeInvis +     j - +2 long sword (vamp)
rCold  . . .     Gourm    .     b - +0 robe
rNeg   . . .     Faith    .     (no shield)
rPois  .         Spirit   .     (helmet restricted)
rElec  .         Dismiss  .     (no cloak)
rCorr  .         Reflect  .     (gloves unavailable)
SustAt .         Harm     .     (boots unavailable)
MR     .....                    (no amulet)
Stlth  +.........               t - ring of wizardry
                                h - ring of see invisible

@: very slightly contaminated, not resistant to hostile enchantments, very
unstealthy
A: unfitting armour, tough skin 1
a: no special abilities


You were on level 4 of the Dungeon.
You were not hungry.

You visited 1 branch of the dungeon, and saw 4 of its levels.

You collected 141 gold pieces.

Inventory:

Hand Weapons
 j - a +2 vampiric long sword (weapon)
Missiles
 o - 84 stones (quivered)
 u - 2 throwing nets
Armour
 b - a +0 robe (worn)
Jewellery
 h - a ring of see invisible (left hand)
 t - a ring of wizardry (right hand)
Scrolls
 k - 3 scrolls of remove curse
 l - 2 scrolls of enchant armour
 p - a scroll of enchant weapon {unknown}
Potions
 a - 2 potions of brilliance {unknown}
 i - a potion of cancellation {unknown}
 m - a potion of resistance {unknown}
 r - a potion of degeneration
 s - a potion of flight {unknown}
Comestibles
 c - 3 fruits
 d - a slice of pizza
 f - 3 bread rations
 g - 3 chunks of flesh
 n - a royal jelly


   Skills:
 + Level 4.2 Fighting
 + Level 4.8 Throwing
 + Level 2.5 Dodging
 - Level 0.7 Stealth


You had 3 spell levels left.
You didn't know any spells.

Dungeon Overview and Level Annotations

Branches:
Dungeon (4/15)
 Temple: D:4-7

Altars:
Ashenzari
Cheibriados
Kikubaaqudgha
Sif Muna
Yredelemnul

Annotations:
D:3 Malvoorn's ghost, amateur DsAK


Innate Abilities, Weirdness & Mutations

You are too large for most types of armour.
You have tough skin (AC +1).


Message History

The hound closely misses you. The worker ant bites you.
* * * LOW HITPOINT WARNING * * *
The hound barely misses you. The worker ant barely misses you.
You hit the worker ant.
You feel better.
The worker ant is almost dead.
The hound closely misses you. The worker ant barely misses you.
The hound bites you.
* * * LOW HITPOINT WARNING * * *
The worker ant bites you.
* * * LOW HITPOINT WARNING * * *
Drink which item? (? for menu, Esc to quit)
It was a potion of degeneration.
There was something very wrong with that liquid.
You feel weakened.
You feel dopey.
You feel clumsy. The hound bites you.
* * * LOW HITPOINT WARNING * * *
The worker ant barely misses you. The hound bites you.
* * * LOW HITPOINT WARNING * * *
The hound bites you.
You die...

#...##.# .
#....#.###
..#####$..?....
.....(.......#
..##........###
#...(.........
#.#(..<...####
..!.....h..#
####....a@.#
#.......#
##...#### #..##
#... .[...
###..


You could see a hound and a worker ant.

Vanquished Creatures
  An adder (D:2)
  An ooze (D:3)
  An adder skeleton (D:4)
  3 worms
  3 dart slugs
  5 bats
  2 giant cockroaches
  6 hobgoblins
  12 jackals
  2 quokkas
  A ball python (D:3)
  4 giant newts
  9 goblins
  5 kobolds
  4 rats
59 creatures vanquished.

Notes
Turn   | Place    | Note
--------------------------------------------------------------
     0 | D:1      | Mesmaeker13 the Ogre Hunter began the quest for the Orb.
     0 | D:1      | Reached XP level 1. HP: 22/22 MP: 1/1
    67 | D:1      | Found a shattered altar of Ashenzari.
   108 | D:1      | Reached XP level 2. HP: 29/31 MP: 2/2
  1000 | D:2      | Reached XP level 3. HP: 35/37 MP: 3/3
  1583 | D:2      | Found a deep blue altar of Sif Muna.
  1583 | D:2      | Found a basalt altar of Yredelemnul.
  1584 | D:2      | Found an ancient bone altar of Kikubaaqudgha.
  1674 | D:2      | Reached XP level 4. HP: 48/48 MP: 4/4
  2184 | D:3      | Found a snail-covered altar of Cheibriados.
  2199 | D:3      | Noticed Malvoorn's ghost (amateur DsAK)
  2332 | D:4      | Slain by a hound

Skill      XL: |  1  2  3 |
---------------+----------+-----
Fighting       | 3 4 |  4.2
Dodging        | 2 |  2.5
Throwing       | |  4.8
Stealth        | |  0.7

Action                   |  1- 3 |  4- 6 || total
-------------------------+-------+-------++-------
Melee: Short sword       |    62 |       ||    62
       Whip              |     9 |    22 ||    31
       Long sword        |       |    32 ||    32
Throw: Large rock        |    40 |    20 ||    60
       Throwing net      |     5 |     1 ||     6
       Stone             |     1 |    12 ||    13
  Use: Scroll            |     6 |       ||     6
       Potion            |       |     5 ||     5
 Stab: Held in net/web   |     1 |       ||     1
  Eat: Chunk             |     2 |     2 ||     4
       Bread ration      |       |     1 ||     1
       Beef jerky        |       |     1 ||     1
Armor: Robe              |    42 |    20 ||    62
Dodge: Dodged            |    78 |    49 ||   127
